 Dungeon Crawl Stone Soup version 0.16-a0-3749-g20dbed2 (webtiles) character file.

148 Luckoftehdraw the Charmwright (level 5, 0/35 HPs)
             Began as a High Elf Skald on Jan 23, 2015.
             Slain by an orc
             ... wielding a +0 hand axe
              (1 damage)
             ... on level 3 of the Dungeon.
             The game lasted 00:22:06 (2500 turns).

Luckoftehdraw the Charmwright (High Elf Skald)      Turns: 2500, Time: 00:22:06

Health: 0/35       AC:  6    Str: 16    XL:     5   Next: 8%
Magic:  10/14      EV: 12    Int: 17    God:
Gold:   108        SH:  0    Dex: 14    Spells: 4 memorised, 2 levels left

rFire  + . .     SeeInvis .     a - +0 falchion
rCold  . . .     Clarity  .     C - +2 leather armour {rC+}
rNeg   . . .     SustAb   .     (no shield)
rPois  .         Gourm    .     (no helmet)
rElec  .         Spirit   .     G - +0 cloak
rCorr  +         Warding  .     (no gloves)
rMut   .         Stasis   .     (no boots)
MR     .....                    F - amulet of resist corrosion
Stlth  +.........               (no ring)
                                l - ring of fire

@: mighty, not resistant to hostile enchantments, very unstealthy
A: no striking features
a: no special abilities


You were on level 3 of the Dungeon.
You were not hungry.

You visited 1 branch of the dungeon, and saw 4 of its levels.

You collected 108 gold pieces.

Inventory:

Hand weapons
 a - a +0 falchion (weapon)
 A - a +0 hunting sling
Missiles
 j - 33 arrows
 r - 27 poisoned needles
 x - 2 tomahawks (quivered)
 B - 26 bolts
 I - 29 sling bullets
Armour
 b - a +0 leather armour
 m - a +0 scale mail
 q - a +0 chain mail
 s - a +0 large shield
 z - a +1 robe of fire resistance
 C - a +2 leather armour of cold resistance (worn)
 G - a +0 cloak (worn)
Jewellery
 l - a ring of fire (left hand)
 F - an amulet of resist corrosion (around neck)
Magical devices
 t - a wand of random effects (18)
Scrolls
 h - a scroll of remove curse {unknown}
 k - 2 scrolls of blinking {unknown}
 o - a scroll of identify {unknown}
 w - a scroll of random uselessness {unknown}
 y - a scroll of enchant armour {unknown}
 D - a scroll of recharging {unknown}
 E - a scroll of amnesia {unknown}
 H - a scroll of fear {unknown}
Potions
 g - a potion of restore abilities {unknown}
 n - a potion of cancellation
 u - a potion of lignification {unknown}
Books
 c - a book of Battle

   Spells                             Type                      Level
   a - Infusion                       Charms                       1
   b - Shroud of Golubria             Charms/Translocation         2
   c - Song of Slaying                Charms                       2
   d - Spectral Weapon                Hexes/Charms                 3
   e - Regeneration                   Charms/Necromancy            3
 i - a Fen Folio

   Spells                             Type                      Level
   a - Corpse Rot                     Necromancy                   2
   b - Stone Arrow                    Conjuration/Earth            3
   c - Leda's Liquefaction            Hexes/Earth                  4
   d - Summon Forest                  Summoning/Translocation      5
   e - Hydra Form                     Transmutation                6
   f - Summon Hydra                   Summoning                    7
Comestibles
 d - 3 bread rations
 f - a beef jerky
 p - 2 meat rations
 v - 3 chunks of flesh


   Skills:
 + Level 2.6 Fighting
 + Level 3.3 Long Blades
 + Level 1.6 Armour
 + Level 2.2 Dodging
 + Level 0.5 Stealth
 + Level 0.3 Shields
 * Level 3.3 Spellcasting
 + Level 4.2 Charms
 + Level 0.4 Translocations


You had 2 spell levels left.
You knew the following spells:

 Your Spells              Type           Power        Failure   Level  Hunger
a - Infusion              Chrm           ###...       3%          1    None
b - Shroud of Golubria    Chrm/Tloc      ##........   14%         2    ##.....
c - Song of Slaying       Chrm           ###.....     6%          2    ##.....
d - Regeneration          Chrm/Necr      ##........   30%         3    ###....


Dungeon Overview and Level Annotations

Branches:
Dungeon (4/15)
 Temple: D:4-7

Altars:

Annotations:
D:2 Crazy Yiuf


Message History

Unknown command.
You barely miss the orc wizard.
The orc wizard is severely wounded.
The rat barely misses you. The orc wizard hits you with a dagger.
* * * LOW HITPOINT WARNING * * *
The orc wizard hits you but does no damage.
The orc misses you.
Sorry, you're not good enough to have a special ability.
The rat bites you.
* * * LOW HITPOINT WARNING * * *
The orc wizard points at you and mumbles some strange words.
The magic dart hits you!
* * * LOW HITPOINT WARNING * * *
You slash the orc wizard!
You kill the orc wizard!
You have reached level 5!
The rat bites you.
* * * LOW HITPOINT WARNING * * *
The orc wizard completely misses you. The orc hits you with a hand axe.
You die...

#.##.# #.# #..#.#
#.# #### ..#.# #.#
...# #...# #.# ...#
#...# #.# ...# #..#
#.#
##...#######..###.#
#<...+......)o....#
##...#####..@r.####
...# #...o.# ...#
#.....# ...#
#.....# ...#
#.....# ...#
#.....# .###
#.....# . #.....#
...


You could see an orc wizard, an orc and a rat.

Vanquished Creatures
  An orc wizard (D:3)
  A worker ant (D:4)
  Jessica (D:3)
  An adder (D:3)
  2 worms
  A giant mite (D:1)
  3 giant geckos
  An ooze (D:3)
  An orc (D:3)
  2 giant cockroaches
  4 hobgoblins
  3 jackals (D:1)
  4 kobolds
  4 quokkas
  8 bats
  A giant newt (D:2)
  7 goblins
  5 rats
50 creatures vanquished.

Notes
Turn   | Place    | Note
--------------------------------------------------------------
     0 | D:1      | Luckoftehdraw, the High Elf Skald, began the quest for the Orb.
     0 | D:1      | Reached XP level 1. HP: 14/14 MP: 4/4
   129 | D:1      | Reached XP level 2. HP: 9/19 MP: 6/6
   153 | D:1      | Learned a level 2 spell: Shroud of Golubria
   156 | D:1      | Learned a level 2 spell: Song of Slaying
   418 | D:2      | Reached skill level 1 in Armour
   698 | D:1      | Reached XP level 3. HP: 13/25 MP: 2/8
  1593 | D:2      | Noticed Crazy Yiuf
  1859 | D:4      | Reached skill level 4 in Charms
  1859 | D:4      | Reached XP level 4. HP: 27/30 MP: 4/12
  1867 | D:3      | Noticed Jessica
  1881 | D:3      | Killed Jessica
  2213 | D:3      | Learned a level 3 spell: Regeneration
  2500 | D:3      | Reached XP level 5. HP: 2/35 MP: 10/14
  2500 | D:3      | HP: 1/35 [rat (1)]
  2500 | D:3      | Slain by an orc

Action                   |  1- 3 |  4- 6 || total
-------------------------+-------+-------++-------
Melee: Falchion          |   130 |    71 ||   201
 Cast: Shroud of Golubri |     8 |     9 ||    17
       Infusion          |     9 |     1 ||    10
       Regeneration      |       |     1 ||     1
       Song of Slaying   |       |     1 ||     1
  Use: Potion            |       |     2 ||     2
  Eat: Chunk             |     3 |     3 ||     6
